Warning! The script has encountered some errors when parsing the replay. Please report them to the . » details
0x00, prev: 0x16: 16 02 04 00 76 94 00 00 40 38 04 00 EF 95 00 00 72 00 06 00 DA 97 00 00 15 38 04 00 1F 9A 00 00 C7 D2 03 00 [00] 00 00 00 00 00 00 00 00 00 00 00 00 00 00 00 00 00 00 00 00 00 00 00 00 00
0x00, prev: 0x00: 16 02 04 00 76 94 00 00 40 38 04 00 EF 95 00 00 72 00 06 00 DA 97 00 00 15 38 04 00 1F 9A 00 00 C7 D2 03 00 00 00 00 00 00 00 00 00 00 00 00 00 00 00 00 00 00 00 00 00 00 00 00 00 [00] 00
0x00, prev: 0x02: 16 02 01 00 D0 97 00 00 DE FD 02 00 00 00 00 00 00 00 00 00 00 00 00 00 00 00 00 00 00 00 00 00 00 00 00 00 02 [00] 02 1F 00 12 08 00 03 00 0D 00 FF FF FF FF FF FF FF FF 77 6E 25 45 4E C8 60 C5 FF FF FF FF FF FF FF FF
General information
- name: BNet
- type: Ladder team game (AT/RT)
- host: Battle.net
- saver: brucewillisusa
map: Battleground
- players: 8
- length: 28:01
- speed: Fast
- version: 1.23 W3XP
- replay type: Public
» download(147 KB)
Players
team 1 (loser)

»
PoosyAndKunt (
orange | 62 APM | 783 actions | 12:43)
1 Archmage
1 Summon Water Elemental
» actions
| Assign group hotkey | 15 | |
| Basic commands | 22 | |
| Build / train | 36 | |
| Enter build submenu | 24 | |
| Enter hero's abilities submenu | 1 | |
| Give item / drop item | 1 | |
| Right click | 403 | |
| Select / deselect | 189 | |
| Select group hotkey | 54 | |
| Use ability | 38 | |
783 total
» units
| Peasant | 10 | |
| Flying Machine | 11 | |
| Mortar Team | 2 | |
23 total
» upgrades
| Gunpowder | 2 | |
| Plating | 1 | |
| Flak Cannons | 1 | |
| Flying Machine Bombs | 1 | |
5 total
» buildings
| Altar of Kings | 1 | |
| Farm | 11 | |
| Lumber Mill | 1 | |
| Arcane Vault | 2 | |
| Scout Tower | 4 | |
| Arcane Tower | 1 | |
| Guard Tower | 3 | |
| Keep | 1 | |
| Blacksmith | 1 | |
| Castle | 1 | |
| Workshop | 3 | |
29 total
» build order
00:33 Altar of Kings
00:48 Farm
01:24 Farm
01:42 Lumber Mill
02:04 Arcane Vault
02:21 Scout Tower
02:24 Scout Tower
02:45 Farm
02:53 Arcane Tower
03:00 Farm
03:02 Farm
03:28 Guard Tower
03:31 Scout Tower
03:35 Keep
03:43 Blacksmith
03:49 Farm
03:54 Farm
04:03 Guard Tower
05:53 Scout Tower
06:21 Guard Tower
06:22 Castle
06:27 Workshop
07:16 Workshop
07:17 Workshop
09:20 Farm
09:22 Arcane Vault
10:15 Farm
10:18 Farm
10:55 Farm
TMNMonkey (
red | 23 APM | 333 actions | 14:36)
3 Far Seer
1 Feral Spirit
2 Chain Lighting
2 Shadow Hunter
1 Healing Wave
1 Serpent Ward
» actions
| Assign group hotkey | 8 | |
| Basic commands | 1 | |
| Build / train | 39 | |
| Enter build submenu | 11 | |
| Enter hero's abilities submenu | 6 | |
| Right click | 111 | |
| Select / deselect | 97 | |
| Select group hotkey | 24 | |
| Use ability | 36 | |
333 total
» units
» upgrades
| Melee Weapons | 2 | |
| Armor | 2 | |
| Ensnare | 1 | |
5 total
» buildings
| Orc Burrow | 6 | |
| Altar of Storms | 1 | |
| War Mill | 1 | |
| Voodoo Lounge | 1 | |
| Stronghold | 1 | |
| Beastiary | 2 | |
| Fortress | 1 | |
13 total
» build order
00:09 Orc Burrow
01:00 Altar of Storms
01:18 War Mill
01:30 Orc Burrow
02:15 Voodoo Lounge
02:31 Orc Burrow
02:57 Stronghold
03:34 Orc Burrow
04:32 Orc Burrow
05:33 Beastiary
05:37 Beastiary
05:44 Orc Burrow
12:18 Fortress
» items
| Healing Salve | 1 | |
| Lesser Clarity Potion | 1 | |
| Potion of Healing | 1 | |
| Potion of Mana | 1 | |
| Scroll of Town Portal | 1 | |
5 total

»
aznballa (
yellow | 212 APM | 1919 actions | 09:01)
2 Archmage
1 Summon Water Elemental
1 Brilliance Aura
1 Mountain King
1 Storm Bolt
» actions
| Assign group hotkey | 31 | |
| Build / train | 48 | |
| Enter build submenu | 15 | |
| Enter hero's abilities submenu | 3 | |
| Right click | 362 | |
| Select / deselect | 138 | |
| Select group hotkey | 1282 | |
| Use ability | 40 | |
1919 total
» units
| Peasant | 10 | |
| Footman | 9 | |
| Sorceress | 2 | |
| Priest | 1 | |
22 total
» upgrades
» buildings
| Altar of Kings | 1 | |
| Barracks | 1 | |
| Farm | 5 | |
| Scout Tower | 1 | |
| Arcane Tower | 3 | |
| Keep | 2 | |
| Arcane Vault | 1 | |
| Arcane Sanctum | 2 | |
| Castle | 4 | |
20 total
» build order
00:10 Altar of Kings
00:21 Barracks
00:36 Farm
00:51 Farm
01:34 Farm
01:51 Scout Tower
02:24 Arcane Tower
02:24 Arcane Tower
03:22 Keep
05:09 Arcane Vault
05:16 Farm
06:05 Arcane Sanctum
06:07 Arcane Sanctum
07:10 Farm
07:21 Castle
07:21 Castle
07:21 Castle
07:22 Castle
» items
| Scroll of Regeneration | 1 | |
| Lesser Clarity Potion | 1 | |
2 total

»
waikwok (
teal | 41 APM | 1159 actions | 27:59)
4 Demon Hunter
2 Mana Burn
2 Evasion
1 Keeper of the Grove
1 Entangling Roots
3 Mountain King
2 Bash
1 Storm Bolt
3 Archmage
2 Brilliance Aura
1 Summon Water Elemental
» actions
| Assign group hotkey | 37 | |
| Basic commands | 81 | |
| Build / train | 139 | |
| Enter build submenu | 14 | |
| Enter hero's abilities submenu | 12 | |
| Remove unit from queue | 3 | |
| Right click | 205 | |
| Select / deselect | 413 | |
| Select group hotkey | 187 | |
| Use ability | 68 | |
1159 total
» units
| Wisp | 10 | |
| Archer | 9 | |
| Dryad | 2 | |
| Sorceress | 6 | |
| Mountain Giant | 6 | |
| Priest | 4 | |
| Peasant | 10 | |
| Hippogryph | 9 | |
| Flying Machine | 15 | |
| Druid of the Talon | 5 | |
| Mortar Team | 1 | |
| Peon | 10 | |
| Siege Engine | 3 | |
90 total
» upgrades
| Strength of the Moon | 2 | |
| Improved Bows | 1 | |
| Ultravision | 1 | |
| Abolish Magic | 1 | |
| Strength of the Wild | 2 | |
| Sorceress Training | 2 | |
| Priest Training | 1 | |
| Reinforced Hides | 3 | |
| Fragmentation Shards | 1 | |
| Pillage | 1 | |
| Barrage | 1 | |
| Armor | 1 | |
| Hardened Skin | 1 | |
| Druid of the Talon Training | 1 | |
| Resistant Skin | 1 | |
| Well Spring | 1 | |
21 total
» buildings
| Moon Well | 6 | |
| Altar of Elders | 1 | |
| Ancient of War | 1 | |
| Ancient of Wonders | 1 | |
| Hunter's Hall | 1 | |
| Tree of Ages | 1 | |
| Ancient of Lore | 1 | |
| Ancient of Wind | 2 | |
| Farm | 2 | |
| Tree of Eternity | 1 | |
| Orc Burrow | 1 | |
18 total
» build order
00:10 Moon Well
00:15 Altar of Elders
00:54 Ancient of War
01:40 Moon Well
01:59 Ancient of Wonders
02:46 Hunter's Hall
03:22 Tree of Ages
04:48 Moon Well
05:53 Ancient of Lore
08:51 Moon Well
09:51 Moon Well
10:22 Ancient of Wind
10:23 Ancient of Wind
11:01 Farm
11:02 Farm
15:19 Tree of Eternity
21:30 Moon Well
23:41 Orc Burrow
» items
| Periapt of Vitality | 2 | |
| Boots of Speed | 1 | |
| Potion of Healing | 1 | |
| Potion of Mana | 1 | |
| Scroll of Protection | 2 | |
| Scroll of Healing | 2 | |
| Potion of Lesser Invulnerability | 1 | |
10 total
team 2 (winner)
still_stickin (
green | 58 APM | 1623 actions | 28:00)
6 Death Knight
3 Death Coil
2 Unholy Aura
1 Animate Dead
6 Lich
3 Frost Nova
2 Frost Armor
1 Death and Decay
» actions
| Assign group hotkey | 26 | |
| Basic commands | 203 | |
| Build / train | 67 | |
| ESC pressed | 5 | |
| Enter build submenu | 17 | |
| Enter hero's abilities submenu | 12 | |
| Remove unit from queue | 1 | |
| Right click | 463 | |
| Select / deselect | 212 | |
| Select group hotkey | 535 | |
| Use ability | 82 | |
1623 total
» units
| Acolyte | 3 | |
| Ghoul | 3 | |
| Crypt Fiend | 14 | |
| Obsidian Statue | 7 | |
| Abomination | 8 | |
35 total
» upgrades
| Web | 1 | |
| Disease Cloud | 1 | |
| Destroyer Form | 1 | |
3 total
» buildings
| Crypt | 1 | |
| Graveyard | 1 | |
| Ziggurat | 7 | |
| Altar of Darkness | 1 | |
| Tomb of Relics | 2 | |
| Halls of the Dead | 1 | |
| Slaughterhouse | 2 | |
| Black Citadel | 1 | |
| Spirit Tower | 5 | |
21 total
» build order
00:14 Crypt
00:17 Graveyard
00:38 Ziggurat
00:56 Altar of Darkness
01:38 Ziggurat
03:05 Tomb of Relics
03:29 Tomb of Relics
04:03 Halls of the Dead
04:32 Ziggurat
05:36 Ziggurat
06:38 Slaughterhouse
07:49 Ziggurat
09:09 Black Citadel
09:28 Ziggurat
09:30 Ziggurat
12:02 Slaughterhouse
17:39 Spirit Tower
18:03 Spirit Tower
18:05 Spirit Tower
19:13 Spirit Tower
19:14 Spirit Tower
» items
| Rod of Necromancy | 1 | |
| Potion of Healing | 3 | |
| Scroll of Town Portal | 1 | |
| Orb of Corruption | 1 | |
| Scroll of Healing | 1 | |
7 total

»
brucewillisusa (
pink | 68 APM | 1898 actions | 28:01)
10 Pandaren Brewmaster
3 Breath of Fire
3 Drunken Haze
1 Storm Earth and Fire
3 Drunken Brawler
» actions
| Assign group hotkey | 45 | |
| Basic commands | 98 | |
| Build / train | 50 | |
| ESC pressed | 1 | |
| Enter build submenu | 14 | |
| Enter hero's abilities submenu | 10 | |
| Give item / drop item | 5 | |
| Right click | 702 | |
| Select / deselect | 189 | |
| Select group hotkey | 709 | |
| Use ability | 75 | |
1898 total
» units
» upgrades
| Creature Attack | 3 | |
| Creature Carapace | 2 | |
| Stone Form | 1 | |
6 total
» buildings
| Crypt | 4 | |
| Ziggurat | 7 | |
| Altar of Darkness | 1 | |
| Halls of the Dead | 1 | |
| Graveyard | 1 | |
| Black Citadel | 1 | |
| Spirit Tower | 2 | |
| Nerubian Tower | 3 | |
20 total
» build order
00:13 Crypt
00:14 Ziggurat
00:38 Altar of Darkness
02:19 Halls of the Dead
02:37 Crypt
03:06 Ziggurat
03:08 Ziggurat
03:12 Graveyard
06:24 Ziggurat
07:34 Black Citadel
10:47 Ziggurat
10:48 Ziggurat
10:48 Ziggurat
14:34 Crypt
14:35 Crypt
15:38 Spirit Tower
15:43 Nerubian Tower
15:44 Nerubian Tower
16:15 Spirit Tower
» items
| Boots of Speed | 1 | |
| Scroll of Town Portal | 2 | |
| Scroll of Healing | 2 | |
5 total
dietdew (
purple | 22 APM | 606 actions | 28:00)
4 Death Knight
2 Death Coil
2 Unholy Aura
» actions
| Assign group hotkey | 7 | |
| Basic commands | 2 | |
| Build / train | 30 | |
| Enter build submenu | 17 | |
| Enter hero's abilities submenu | 4 | |
| Right click | 227 | |
| Select / deselect | 253 | |
| Select group hotkey | 39 | |
| Use ability | 27 | |
606 total
» units
| Acolyte | 2 | |
| Ghoul | 5 | |
| Crypt Fiend | 5 | |
| Frost Wyrm | 7 | |
19 total
» upgrades
| Creature Attack | 1 | |
| Creature Carapace | 1 | |
2 total
» buildings
| Ziggurat | 9 | |
| Altar of Darkness | 1 | |
| Crypt | 1 | |
| Graveyard | 1 | |
| Nerubian Tower | 1 | |
| Halls of the Dead | 1 | |
| Black Citadel | 1 | |
| Sacrificial Pit | 1 | |
| Boneyard | 3 | |
| Spirit Tower | 1 | |
20 total
» build order
00:13 Ziggurat
00:14 Altar of Darkness
00:40 Crypt
01:04 Ziggurat
01:39 Graveyard
02:10 Nerubian Tower
03:52 Ziggurat
03:59 Halls of the Dead
05:46 Ziggurat
06:01 Ziggurat
06:06 Ziggurat
06:57 Black Citadel
07:09 Sacrificial Pit
09:32 Boneyard
09:47 Boneyard
09:52 Boneyard
10:25 Ziggurat
10:55 Ziggurat
10:57 Ziggurat
14:25 Spirit Tower
Lecram (
blue | 24 APM | 685 actions | 28:00)
2 Priestess of the Moon
1 Trueshot Aura
1 Searing Arrows
» actions
| Assign group hotkey | 14 | |
| Basic commands | 15 | |
| Build / train | 57 | |
| ESC pressed | 2 | |
| Enter build submenu | 18 | |
| Enter hero's abilities submenu | 2 | |
| Remove unit from queue | 10 | |
| Right click | 194 | |
| Select / deselect | 217 | |
| Select group hotkey | 127 | |
| Use ability | 29 | |
685 total
» units
» upgrades
| Improved Bows | 1 | |
| Corrosive Breath | 1 | |
2 total
» buildings
| Altar of Elders | 1 | |
| Moon Well | 7 | |
| Ancient of War | 1 | |
| Tree of Ages | 1 | |
| Hunter's Hall | 1 | |
| Tree of Eternity | 1 | |
| Ancient of Wind | 1 | |
| Chimaera Roost | 5 | |
| Tree of Life | 2 | |
20 total
» build order
00:13 Altar of Elders
00:24 Moon Well
01:50 Ancient of War
01:59 Moon Well
02:31 Tree of Ages
03:09 Hunter's Hall
03:41 Moon Well
04:54 Tree of Eternity
05:35 Ancient of Wind
06:17 Moon Well
06:23 Moon Well
08:59 Chimaera Roost
09:03 Chimaera Roost
09:11 Chimaera Roost
09:59 Chimaera Roost
10:13 Chimaera Roost
11:11 Moon Well
11:16 Moon Well
16:10 Tree of Life
18:49 Tree of Life
Chat log
(00:22 / Allies) still_stickin: 3 undeads
(00:25 / Allies) still_stickin: what are we going
(00:31 / All) brucewillisusa: yippee yai yay mini sirloin burgers
(00:47 / Allies) still_stickin: any1 have a preference??
(00:53 / Allies) dietdew: nope
(01:03 / Allies) brucewillisusa: i prefer men
(01:09 / Allies) still_stickin: thats fine
(02:18 / Allies) still_stickin: ok i guess ill go fiends and stats and aboms
(02:30 / Allies) dietdew: aa then
(02:32 / Allies) still_stickin: some1 go wyrms and some1 go casters??
(02:39 / Allies) brucewillisusa: im going gargs
(02:43 / Allies) brucewillisusa: so i can creep the middle
(02:59 / Allies) still_stickin: ok ill go casters and aboms then
(03:27 / Allies) brucewillisusa: if u cancel it u save some resources
(03:28 / Allies) brucewillisusa: fyi
(03:31 / Allies) brucewillisusa: if u dont u los them all
(03:33 / Allies) still_stickin: i did
(04:13 / Allies) brucewillisusa: use ur ghouls too
(04:46 / Allies) still_stickin: blue
(06:23 / Allies) still_stickin: lets go again blue
(06:50 / Allies) still_stickin: blue lets go
(09:11 / All) brucewillisusa: azn ballarina more like it
(09:16 / All) still_stickin: lol
(10:05 / All) brucewillisusa: rofl im almost level 6
(10:08 / Allies) still_stickin: lol
(10:10 / Allies) brucewillisusa: move
(10:11 / Allies) brucewillisusa: move
(10:11 / Allies) brucewillisusa: mvoe
(10:12 / Allies) brucewillisusa: move
(10:13 / Allies) brucewillisusa: mvoe
(10:13 / Allies) brucewillisusa: mvoe
(10:14 / Allies) brucewillisusa: mvoeo
(10:15 / Allies) brucewillisusa: move
(10:16 / Allies) brucewillisusa: move
(10:16 / Allies) brucewillisusa: mvoe
(10:23 / Allies) brucewillisusa: dont follow mdoe me
(10:26 / Allies) brucewillisusa: i tk anything that follow me
(11:48 / Allies) still_stickin: hes massing copters
(11:59 / All) brucewillisusa: ROFL
(12:07 / All) brucewillisusa: gyros rape panda dude
(12:08 / All) brucewillisusa: rape
(12:19 / Allies) still_stickin: blue
(12:23 / Allies) still_stickin: blue take it easy dude
(12:59 / Allies) brucewillisusa: lol
(13:01 / Allies) brucewillisusa: crybaby
(14:17 / Allies) brucewillisusa: can i have some gold
(14:19 / Allies) brucewillisusa: that fag ruin my base
(14:24 / Allies) brucewillisusa: befire i noticed what e was doing
(14:35 / Allies) dietdew: pink?
(14:40 / Allies) brucewillisusa: he tked me
(14:55 / Allies) dietdew: why?
(15:07 / Allies) brucewillisusa: if u mass tower i can carry
(15:08 / Allies) Lecram: ok win this game for me
(15:10 / Allies) Lecram: alt tabed
(15:13 / Allies) brucewillisusa: thats wqaht
(15:14 / Allies) brucewillisusa: i did
(15:17 / Allies) brucewillisusa: before u even tked
(15:17 / Allies) brucewillisusa: retard
(15:18 / Allies) brucewillisusa: rofl
(15:24 / Allies) brucewillisusa: with ur follow mode archers
(15:26 / Allies) still_stickin: ok hes gone lets 3 man this shit please
(15:52 / Allies) still_stickin: purple give gold please
(16:02 / Allies) still_stickin: coming pink
(16:17 / Allies) brucewillisusa: i said
(16:19 / Allies) brucewillisusa: dont follow mode me
(16:38 / Allies) dietdew: ded
(16:40 / Allies) still_stickin: lol
(16:47 / All) brucewillisusa: see
(16:49 / Allies) brucewillisusa: now i cant get thru
(16:52 / Allies) brucewillisusa: cuz ur SHITTY units
(16:55 / Allies) brucewillisusa: are blocking my GOOD hero
(17:03 / Allies) brucewillisusa: thats why i dont like noob follow moders
(17:11 / Allies) brucewillisusa: gett the fuck away from me
(17:12 / Allies) brucewillisusa: you ididot
(17:54 / Allies) brucewillisusa: just mass twoers
(17:56 / Allies) brucewillisusa: and well be fine
(18:27 / Allies) brucewillisusa: u know what a tower is?
(21:07 / Allies) still_stickin: are u tping to me?
(21:10 / Allies) brucewillisusa: ya
(21:10 / Allies) still_stickin: or am i fighting solo
(21:12 / Allies) still_stickin: ok
(21:14 / Allies) brucewillisusa: ill tp when they come
(21:19 / Allies) still_stickin: ya no worries
(21:22 / Allies) still_stickin: just making sure
(21:27 / Allies) still_stickin: otherwise id fight further back
(21:30 / Allies) brucewillisusa: get aboms out front
(21:33 / Allies) brucewillisusa: and keep fiend in back
(21:50 / Allies) brucewillisusa: k gogo
(22:13 / All) brucewillisusa: 2 ez
(22:35 / Allies) brucewillisusa: tker,
(22:37 / Allies) brucewillisusa: u would have gotten carried
(22:39 / Allies) brucewillisusa: either way
(22:42 / Allies) brucewillisusa: id just rather kill ur units
(22:44 / Allies) brucewillisusa: before i carry u
(24:46 / All) brucewillisusa: 2 bad he made raiders
(24:48 / Allies) brucewillisusa: instead of bats
(24:50 / All) brucewillisusa: instead of bats
(24:54 / Allies) still_stickin: lol
(25:03 / All) brucewillisusa: that peon goin nowhere
(26:02 / Allies) still_stickin: whats this guy all about?
(27:41 / All) waikwok: bastards!!!!!
(27:42 / All) waikwok: gg
(27:46 / All) waikwok: fucking quitters
(27:50 / All) waikwok: dammit!!!!!
(27:55 / All) brucewillisusa: we had a tker